 Dungeon Crawl Stone Soup version 0.26-a0-812-g31a745ddcd (webtiles) character file.

Game seed: 16979278575532288466

48843 Apogee the Arsonist (level 14, 0/115 HPs)
             Began as a Grey Draconian Fire Elementalist on Nov 24, 2020.
             Was a High Priest of Sif Muna.
             Slain by a boulder beetle (9 damage)
             ... on level 15 of the Dungeon.
             The game lasted 00:54:34 (28048 turns).

Apogee the Arsonist (DrFE)                         Turns: 28048, Time: 00:54:35

Health: 0/115      AC: 18    Str:  8    XL:     14   Next: 13%
Magic:  4/30       EV: 18    Int: 17    God:    Sif Muna [*****.]
Gold:   1040       SH:  0    Dex: 20    Spells: 22/37 levels left

rFire    + . .     SeeInvis .   L - +8 lance "Wyrmbane" {slay drac, rPois rF+ rC+ AC+3}
rCold    + . .     Faith    .   (no shield)
rNeg     + . .     Spirit   .   (armour unavailable)
rPois    +         Reflect  .   (helmet restricted)
rElec    +         Harm     .   P - +0 cloak
rCorr    +         Rampage  .   l - +0 pair of gloves (curse)
MR       +....                  (no boots)
Stlth    ++........             y - amulet of Hiros {Acrobat rElec rN+ Str-3 Dex+3}
HPRegen  0.29/turn              n - ring of resist corrosion
MPRegen  0.22/turn              g - ring of poison resistance

@: no status effects
A: walk through water, unfitting armour, clever 1, sense surroundings 1,
unbreathing, cold-blooded, subdued magic 1, AC +13
a: Channel Magic, Forget Spell, Divine Exegesis, Renounce Religion


You were on level 15 of the Dungeon.
You worshipped Sif Muna.
Sif Muna was extremely pleased with you.
You visited 2 branches of the dungeon, and saw 19 of its levels.
You also visited: Ossuary.

You collected 1248 gold pieces.
You spent 208 gold pieces at shops.

Inventory:

Hand Weapons
 v - a +0 short sword
   (You took it off a kobold on level 1 of the Dungeon)
 C - a +1 dagger of holy wrath
   (You took it off an orc on level 6 of the Dungeon)
 F - a +0 dagger of speed
   (You took it off a kobold on level 1 of the Dungeon)
 L - the +8 lance "Wyrmbane" (weapon) {slay drac, rPois rF+ rC+ AC+3}
   (You found it on level 9 of the Dungeon)

   It affects your AC (+3).
   It protects you from fire.
   It protects you from cold.
   It protects you from poison.
 Q - the +5 quarterstaff of Liexopp {flame, rElec, unknown}
   (You found it on level 11 of the Dungeon)

   It has been specially enchanted to burn those struck by it, causing extra
   injury to most foes and up to half again as much damage against particularly
   susceptible opponents.
   It insulates you from electricity.
Missiles
 i - 6 atropa-tipped darts (quivered)
 K - 3 throwing nets {!f}
 M - 14 javelins
Armour
 l - a cursed +0 pair of gloves (worn)
   (You found it on level 1 of the Lair of Beasts)
 P - a +0 cloak (worn)
   (You found it on level 1 of the Lair of Beasts)
 S - a scarf of harm
   (You found it on level 2 of the Lair of Beasts)
Jewellery
 g - a ring of poison resistance (right hand)
   (You found it on level 1 of the Dungeon)
 n - a ring of resist corrosion (left hand)
   (You found it on level 2 of the Dungeon)
 t - an uncursed ring of stealth {unknown}
   (You found it on level 3 of the Dungeon)
 y - the amulet of Hiros (around neck) {Acrobat rElec rN+ Str-3 Dex+3}
   (You found it on level 5 of the Dungeon)

   [amulet of the acrobat]

   It helps you evade while moving and waiting.
   It affects your strength (-3).
   It affects your dexterity (+3).
   It insulates you from electricity.
   It protects you from negative energy.
 N - an uncursed ring of stealth {unknown}
   (You found it on level 9 of the Dungeon)
 W - a +6 ring of dexterity {unknown}
   (You found it on level 4 of the Lair of Beasts)
Wands
 c - a wand of disintegration (21)
   (You took it off an orc on level 4 of the Dungeon)
 d - a wand of iceblast (16)
   (You found it on level 8 of the Dungeon)
 B - a wand of polymorph (5)
   (You took it off Ijyb on level 5 of the Dungeon)
Scrolls
 b - a scroll of blinking
 f - 2 scrolls of immolation {!r}
 j - 4 scrolls of amnesia
 o - 5 scrolls of magic mapping
 p - a scroll of noise {unknown}
 q - 6 scrolls of enchant weapon
 w - 7 scrolls of teleportation {@r4}
 z - 6 scrolls of fog
 D - 2 scrolls of brand weapon
 H - 2 scrolls of vulnerability {!r}
 I - 4 scrolls of enchant armour
 T - 6 scrolls of identify {@r1}
 U - a scroll of remove curse {@r2}
 Y - a scroll of torment {unknown}
Potions
 a - 2 potions of cancellation
 e - 3 potions of degeneration {!q}
 h - 3 potions of haste {@q3}
 k - 2 potions of resistance
 m - a potion of experience {unknown}
 r - 2 potions of invisibility
 s - 3 potions of flight
 A - 4 potions of lignification {!q}
 J - 2 potions of ambrosia {unknown}
 O - 2 potions of brilliance
 R - 2 potions of curing {@q1}
 V - a potion of might {unknown}
Miscellaneous
 X - a phantom mirror (inert)
   (You found it on level 4 of the Lair of Beasts)


   Skills:
 - Level 8.0 Fighting
 - Level 4.0 Short Blades
 - Level 8.0 Polearms
 - Level 8.0 Dodging
 - Level 1.7 Stealth
 - Level 12.0 Spellcasting
 - Level 8.0 Conjurations
 + Level 12.0 Fire Magic
 - Level 8.0 Earth Magic
 + Level 0.2 Invocations
 - Level 4.0 Evocations


You had 22 spell levels left.
You knew the following spells:

 Your Spells              Type           Power        Failure   Level
a - Foxfire               Conj/Fire      ####         1%          1
b - Bolt of Magma         Conj/Fire/Erth ####......   3%          5
q - Sticky Flame          Conj/Fire      ####....     1%          4
x - Fireball              Conj/Fire      ####......   2%          5

Your spell library contained the following spells:

 Spells                   Type           Power        Failure   Level
 Magic Dart               Conj           ####         1%          1
 Searing Ray              Conj           ####..       1%          2
 Conjure Flame            Conj/Fire      ####....     1%          3
 Inner Flame              Hex/Fire       ###.....     1%          3
 Summon Small Mammal      Summ           #...         5%          1
 Mephitic Cloud           Conj/Pois/Air  ##......     5%          3
 Iskenderun's Battlesphe  Conj           ####....     5%          5
 Blink                    Tloc           N/A          9%          2
 Call Imp                 Summ           #.......     9%          2
 Slow                     Hex            #.......     9%          2
 Wereblood                Tmut           #.......     9%          2
 Fulminant Prism          Conj/Hex       ###.......   11%         4
 Iskenderun's Mystic Bla  Conj/Tloc      ###.....     11%         4
 Call Canine Familiar     Summ           #.......     17%         3
 Summon Guardian Golem    Hex/Summ       #.......     17%         3
 Iron Shot                Conj/Erth      ####......   32%         6
 Cause Fear               Hex            #.........   52%         4
 Summon Ice Beast         Ice/Summ       #.......     52%         4
 Summon Lightning Spire   Summ/Air       #.......     52%         4
 Silence                  Hex/Air        #.........   86%         5
 Summon Demon             Summ           #.........   86%         5
 Summon Forest            Summ/Tloc      #.........   86%         5
 Summon Mana Viper        Hex/Summ       #.......     86%         5
 Yara's Violent Unravell  Hex/Tmut       #.........   86%         5
 Conjure Ball Lightning   Conj/Air       ###.......   88%         6
 Orb of Destruction       Conj           ####......   89%         7
 Ignition                 Fire           #####.....   96%         8
 Shadow Creatures         Summ           N/A          100%        6
 Spellforged Servitor     Conj/Summ      ###.......   100%        7
 Summon Hydra             Summ           #.........   100%        7
 Discord                  Hex            #.........   100%        8
 Fire Storm               Conj/Fire      ####......   100%        9


Dungeon Overview and Level Annotations

Branches:
Dungeon (12/15)            Temple (0/1) D:7            Lair (5/6) D:11
  Swamp (0/4) Lair:4       Shoals (0/4) Lair:3          Orc (0/2) D:9
Ossuary (visited)
  Slime: Lair:5-6

Altars:
Cheibriados
Dithmenos
Elyvilon
Hepliaklqana
Kikubaaqudgha
Okawaru
Qazlal
Ru
Sif Muna
Trog
Uskayaw
Xom
Zin
The Shining One

Shops:
D:7 !

Annotations:
D:13 Jorgrun
Lair:4 exclusion: 2 oklob plants


Innate Abilities, Weirdness & Mutations

You can walk through water.
Your dull iron-grey scales are very hard. (AC +13)
You cannot fit into any form of body armour.
You can survive without breathing.
You are cold-blooded and may be slowed by cold attacks.
Your mind is acute. (Int +2)
You passively map a small area around you.
Your spells are a little easier to cast, but a little less powerful.


Message History

Unknown command.
Aim: a tengu reaver, wielding a +0 great sword and wearing a +0 scale mail (moderately wounded, chance to defeat MR: 49%)
The tengu reaver is blasted.
Aim: a tengu reaver, wielding a +0 great sword and wearing a +0 scale mail (moderately wounded)
The mass of ice explodes!
The iceblast engulfs the tengu reaver.
The iceblast engulfs the boulder beetle but does no damage.
The iceblast engulfs the battlesphere!
The battlesphere partially resists.
You hear a roar!
You hear a shout!
The boulder beetle misses you.
The boulder beetle stops rolling and uncurls.
Okay, then.
You are too injured to fight recklessly!
You are too injured to fight recklessly!
Unknown command.
Aim: a boulder beetle (heavily wounded)
The sticky flame hits the boulder beetle but does no damage.
The boulder beetle is covered in liquid flames!
The boulder beetle burns!
The boulder beetle misses you.
The boulder beetle burns!
The boulder beetle curls into a ball and begins rolling!
The boulder beetle burns!
There is an open door here.
The boulder beetle burns!
The boulder beetle burns!
The boulder beetle misses you.
The boulder beetle stops rolling and uncurls.
You hit the boulder beetle.
The boulder beetle burns!
The boulder beetle stops burning.
You hit the boulder beetle but do no damage.
The boulder beetle misses you.
You hit the boulder beetle but do no damage.
The boulder beetle barely misses you.
You hit the boulder beetle but do no damage.
You hit the boulder beetle but do no damage.
You tail-slap the boulder beetle. The boulder beetle misses you.
You hit the boulder beetle but do no damage.
The boulder beetle barely misses you.
You hit the boulder beetle but do no damage.
You tail-slap the boulder beetle, but do no damage.
You hit the boulder beetle but do no damage.
The boulder beetle bites you!!
* * * LOW HITPOINT WARNING * * *
You hit the boulder beetle but do no damage.
You tail-slap the boulder beetle, but do no damage.
The boulder beetle bites you!!
* * * LOW HITPOINT WARNING * * *
Aim: a boulder beetle (almost dead)
The sticky flame hits the boulder beetle but does no damage.
The boulder beetle is covered in liquid flames!
The boulder beetle burns!
The boulder beetle bites you!
You die...

, *#≈..⌠.≈#..##..#'#...#.#.. #
#≈PPPP≈##.....(#......##. ,
#≈≈≈≈≈≈##.#.#.########)#######
*##########(#'##|)....##......#
, #########.#.#.#[..#.###.##..#'
#.†....#......#...##..#.#.#..#
#.#...#'#.#...#.##.##)#..##.#' ,
#.###..#...#..#..##)(.#......#
,*#...#.#+#..[#@#.#.#)#'#.#.#.##
*#....[.#.....B###...'.##'#+## *
#.#.#.########Q#######..#.#.#
*+#'##, , ##*°°*..#......## , *
#.#.# ,,, #.##..#'#.⌠P...# ,
#.....# *, #.#.#..#○.P8P.#+
#.#....# , #..##.#'#..P⌠..#
#..#s.#+* #......#.(....#+ # .
#.. ## #.#.#.####)#.##


You could see a tengu reaver, a boulder beetle (burning) and a battlesphere.

Vanquished Creatures
  An azure jelly (shapeshifter) (D:15)
  A fire giant (D:15)
  2 yaktaur captains (D:15)
  2 hydras
  A boulder beetle (D:15)
  Erolcha (D:9)
  A catoblepas (Lair:4)
  4 two-headed ogres
  A death yak (Lair:4)
  A skeletal warrior (D:15)
  A flayed ghost (D:15)
  2 unseen horrors (D:11)
  A bog body (Lair:4)
  3 manticores (D:15)
  6 ugly things
  A wolf spider (D:15)
  3 cyclopes
  3 black mambas
  A merfolk siren (Lair:3)
  2 gargoyles
  A guardian serpent (shapeshifter) (D:15)
  Maggie (D:9)
  5 rime drakes
  A torpor snail (Lair:3)
  6 cane toads
  4 komodo dragons
  A yaktaur (D:15)
  2 kobold demonologists
  A redback zombie (D:15)
  A troll (shapeshifter) (D:15)
  5 polar bears
  4 trolls
  A merfolk (Lair:3)
  2 hornets
  12 blink frogs
  4 dream sheep (Lair:3)
  A redback (D:15)
  A vampire (D:8)
  A wyvern (shapeshifter) (D:15)
  A wraith (D:11)
  6 wyverns
  25 yaks
  2 steam dragons
  3 basilisks
  2 vampire mosquitoes (D:15)
  2 acid dragons (D:15)
  2 swamp worms (Lair:4)
  5 water moccasins (Lair:2)
  2 ice beasts
  6 black bears
  10 orc warriors
  2 sky beasts
  An eye of draining (D:7)
  A hornet zombie (D:15)
  A necrophage (D:9)
  5 ogres
  A phantom (D:10)
  4 wolves
  9 centaurs
  5 big kobolds
  17 bullfrogs
  A wyvern zombie (D:9)
  8 water moccasin zombies
  A scorpion (D:4)
  13 killer bees
  2 howler monkeys (D:11)
  10 wights
  An electric eel (Lair:4)
  4 centaur zombies
  2 bullfrog skeletons
  4 hounds
  3 jellies
  7 orc wizards
  9 orc priests
  4 centaur skeletons
  3 iguanas
  Ijyb (D:5)
  9 worker ants
  6 big kobold zombies (Ossuary)
  A bullfrog simulacrum (D:9)
  3 hound skeletons
  2 mummies (Ossuary)
  9 adders
  3 shadow imps
  3 white imps
  5 ufetubi
  8 adder zombies
  2 worms
  2 dart slugs (D:1)
  A leopard gecko (D:3)
  52 orcs
  A ball python (D:1)
  2 giant cockroaches
  5 goblins
  8 hobgoblins
  8 jackals
  6 quokkas
  6 bats
  5 frilled lizards
  2 hobgoblin zombies (Ossuary)
  19 kobolds
  4 kobold zombies (Ossuary)
  A leopard gecko skeleton (D:6)
  5 orc zombies (Ossuary)
  2 quokka zombies
457 creatures vanquished.

Vanquished Creatures (collateral kills)
  A hydra (D:15)
  A yaktaur (D:15)
  A wight (D:15)
3 creatures vanquished.

Vanquished Creatures (others)
  An unseen horror (D:15)
  An ufetubus (D:7)
  371 foxfires
  21 fungi
  43 plants
437 creatures vanquished.

Grand Total: 897 creatures vanquished

Notes
Turn   | Place    | Note
-------+----------+-------------------------------------------
     0 | D:1      | Apogee the Draconian Fire Elementalist began the quest for
                  | the Orb.
     0 | D:1      | Reached XP level 1. HP: 14/14 MP: 3/3
   282 | D:1      | Reached XP level 2. HP: 20/20 MP: 5/5
  1136 | D:2      | Reached XP level 3. HP: 15/26 MP: 2/6
  1485 | D:2      | Found an iron altar of Okawaru.
  2082 | D:2      | Reached XP level 4. HP: 19/33 MP: 3/8
  2685 | D:3      | Found a hazy altar of Hepliaklqana.
  2822 | D:3      | Found an ancient bone altar of Kikubaaqudgha.
  3352 | D:4      | Found a stormy altar of Qazlal.
  3423 | D:4      | Reached XP level 5. HP: 36/38 MP: 9/9
  3470 | D:4      | Gained mutation: Your spells are a little easier to cast,
                  | but a little less powerful. [potion of mutation]
  3470 | D:4      | Gained mutation: Your mind is acute. (Int +2) [potion of
                  | mutation]
  3470 | D:4      | Gained mutation: You passively map a small area around you.
                  | [potion of mutation]
  3471 | D:4      | HP: 1/38 [scorpion (2)]
  3574 | D:4      | Reached skill level 5 in Fire Magic
  4018 | D:4      | Reached XP level 6. HP: 45/45 MP: 5/10
  4568 | D:5      | Entered Level 5 of the Dungeon
  5013 | D:5      | Got a bound silver amulet
  5019 | D:5      | Identified the amulet of Hiros {Acrobat rElec rN+ Str-3
                  | Dex+3} (You found it on level 5 of the Dungeon)
  5129 | D:5      | Noticed Ijyb
  5147 | D:5      | Learned a level 4 spell: Sticky Flame
  5198 | D:5      | Killed Ijyb
  5286 | D:5      | Your scales start taking on a dull iron-grey colour.
  5286 | D:5      | Reached XP level 7. HP: 37/50 MP: 6/12
  5286 | D:5      | Gained mutation: You can survive without breathing. [Grey
                  | Draconian growth]
  5792 | D:5      | Found a glowing silver altar of Zin.
  5792 | D:5      | Found a glowing golden altar of the Shining One.
  5793 | D:5      | Found a white marble altar of Elyvilon.
  5885 | D:6      | Learned a level 5 spell: Fireball
  6361 | D:6      | Found a shimmering blue altar of Sif Muna.
  6374 | D:6      | Became a worshipper of Sif Muna the Loreminder
  6899 | D:6      | Reached XP level 8. HP: 42/57 MP: 9/14
  7163 | D:6      | Found a hide-covered altar of Uskayaw.
  7163 | D:6      | Noticed a +0 hand axe
  7163 | D:6      | Noticed a +0 dagger
  7329 | D:6      | Reached skill level 5 in Conjurations
  7587 | D:7      | Reached skill level 5 in Spellcasting
  7646 | D:7      | Found a bloodstained altar of Trog.
  7854 | D:7      | Reached skill level 1 in Fighting
  7854 | D:7      | Reached skill level 1 in Short Blades
  8133 | D:7      | Found a sacrificial altar of Ru.
  8133 | D:7      | Found a bloodstained altar of Trog.
  8240 | D:7      | Found a shimmering altar of Xom.
  8268 | D:7      | Reached XP level 9. HP: 49/67 MP: 10/18
  8641 | D:7      | Found a staircase to the Ecumenical Temple.
  8642 | D:7      | Found Lamyrule's Distillery.
  8650 | D:7      | Bought a potion of invisibility for 104 gold pieces
  8650 | D:7      | Bought a potion of lignification for 39 gold pieces
  8650 | D:7      | Bought a potion of heal wounds for 65 gold pieces
  9444 | D:8      | Found a sand-covered staircase.
  9467 | Ossuary  | Entered an ossuary
  9749 | Ossuary  | Reached * piety under Sif Muna
 10440 | D:8      | Noticed a two-headed ogre
 10604 | D:8      | Found a snail-covered altar of Cheibriados.
 10630 | D:8      | Reached skill level 5 in Dodging
 10805 | D:8      | Reached ** piety under Sif Muna
 11253 | D:8      | Killed a two-headed ogre
 11253 | D:8      | Reached XP level 10. HP: 78/78 MP: 4/19
 11772 | D:9      | Noticed a two-headed ogre
 11822 | D:9      | Killed a two-headed ogre
 11933 | D:9      | Found a large runed translucent door.
 11933 | D:9      | Found a large runed translucent door.
 11937 | D:9      | Found the +8 lance "Wyrmbane" {slay drac, rPois rF+ rC+
                  | AC+3}
 12082 | D:9      | Found a large runed translucent door.
 12082 | D:9      | Found a large runed translucent door.
 12160 | D:9      | Reached skill level 5 in Fighting
 12381 | D:9      | Noticed Maggie
 12395 | D:9      | Killed Maggie
 12395 | D:9      | Reached skill level 1 in Polearms
 12447 | D:9      | Reached *** piety under Sif Muna
 12633 | D:9      | Noticed Erolcha
 12649 | D:9      | Killed Erolcha
 13482 | D:9      | Found a staircase to the Orcish Mines.
 13580 | D:9      | Reached XP level 11. HP: 82/89 MP: 21/21
 13637 | D:9      | Found a shadowy altar of Dithmenos.
 13761 | D:10     | Entered Level 10 of the Dungeon
 14136 | D:10     | Reached **** piety under Sif Muna
 14926 | D:11     | Noticed a red ugly thing
 15075 | D:11     | Noticed an unseen horror
 15082 | D:11     | Killed an unseen horror
 15820 | D:11     | Got a fine quarterstaff
 15859 | D:11     | Found a staircase to the Lair.
 15874 | D:11     | Killed a red ugly thing
 15885 | D:11     | Reached skill level 1 in Evocations
 16135 | D:11     | Noticed an unseen horror
 16151 | D:11     | Killed an unseen horror
 16151 | D:11     | Reached skill level 5 in Polearms
 16679 | Lair:1   | Entered Level 1 of the Lair of Beasts
 17344 | Lair:1   | Learned a level 5 spell: Bolt of Magma
 17420 | Lair:1   | Reached skill level 1 in Earth Magic
 18192 | Lair:2   | Reached ***** piety under Sif Muna
 18192 | Lair:2   | Reached XP level 12. HP: 91/101 MP: 12/24
 18217 | Lair:2   | Identified Uloshrinn's Catalogue of Warped Flames (Sif Muna
                  | gifted it to you on level 2 of the Lair of Beasts)
 18217 | Lair:2   | Received a gift from Sif Muna
 19612 | Lair:3   | Reached skill level 5 in Earth Magic
 20343 | Lair:3   | Found a staircase to the Shoals.
 20847 | Lair:4   | Noticed a catoblepas
 20880 | Lair:4   | Noticed a six-headed hydra
 20887 | Lair:4   | Killed a six-headed hydra
 22128 | Lair:4   | Killed a catoblepas
 22130 | Lair:4   | Noticed a death yak
 22295 | Lair:4   | Killed a death yak
 22560 | Lair:4   | Reached XP level 13. HP: 52/107 MP: 16/26
 23446 | Lair:4   | Found a staircase to the Swamp.
 24465 | D:12     | Reached skill level 10 in Fire Magic
 24947 | D:12     | Reached skill level 10 in Spellcasting
 25331 | D:12     | You fall into a shaft and drop 1 floor!
 25342 | D:13     | Identified Sif Muna's Incunabulum of Arcane Weapons and
                  | Transformation (Sif Muna gifted it to you on level 13 of
                  | the Dungeon)
 25342 | D:13     | Received a gift from Sif Muna
 25348 | D:13     | Noticed Jorgrun
 25355 | D:13     | You fall into a shaft and drop 2 floors!
 25355 | D:15     | Entered Level 15 of the Dungeon
 25355 | D:15     | Found a bloodstained altar of Trog.
 25355 | D:15     | Found a white marble altar of Elyvilon.
 25355 | D:15     | Found a glowing silver altar of Zin.
 26230 | D:15     | HP: 3/107 [guardian serpent (shapeshifter) (16)]
 26751 | D:15     | Noticed a fire giant
 26770 | D:15     | Killed a fire giant
 27299 | D:15     | Noticed a fire giant
 27394 | D:15     | Noticed an azure jelly
 27394 | D:15     | an iron troll changed into an azure jelly
 27407 | D:15     | Killed an azure jelly
 27407 | D:15     | Reached XP level 14. HP: 51/115 MP: 1/29
 28011 | D:15     | Noticed a tengu reaver
 28048 | D:15     | Slain by a boulder beetle

Illustrated notes

Levels and vault maps discovered:
D:1:      minmay_arrival_radiant_lines, layout_loops_corners
D:2:      layout_rooms, okawaru_gym_becter
D:3:      layout_basic, lemuel_coloured_pillars_altar, lemuel_doored_altar,
          serial_bayou_pond_c
D:4:      layout_loops_ring, grunt_qazlal_clouds
D:5:      layout_rooms, good_gods_mini_temple, serial_aquarium,
          aquarium_bridge_square [aquarium_subvault_balcony,
          aquarium_subvault_bridge, aquarium_subvault_wall,
          aquarium_subvault_wall], aquarium_window_2, aquarium_window_2,
          aquarium_window_2, aquarium_window_fake, aquarium_view_2e,
          aquarium_view_2e, uniq_ijyb
D:6:      layout_basic, dancing_weapons_uskayaw, serial_glass, glass_columns_a,
          glass_columns_a, glass_columns_a, glass_columns_a, glass_columns_c,
          glass_columns_b, minmay_strange_pillars, feat_on_display, basic_altar
D:7:      layout_basic, gammafunk_temple_overflow_elements, xom_butterflies,
          minmay_temple_entry_drinking_statues, serial_shops,
          nicolae_shop_stone, serial_glass, glass_columns_a, glass_columns_a,
          minmay_strange_pillars, item_on_display_a, due_unseen_surprise,
          minmay_strange_pillars, trog_eyes_of_draining
D:8:      layout_basic, slow_altar_1, enter_ossuary_1, serial_corexii_hall,
          corexii_hall_statues_l, chequers_hall_statues_wall_a,
          corexii_hall_statues_l
D:9:      layout_grid_maze, nicolae_dithmenos_through_a_glass_darkly,
          david_orc_4, minmay_hollow_rounded_squares, uniq_erolcha, uniq_maggie
D:10:     layout_basic, corexii_corridor_pit
D:11:     layout_basic, david_lair_generic, minmay_curled_crystal,
          minmay_misc_feat_alley
D:12:     layout_small_grid, bh_walls_and_bars
D:13:     minmay_bloctagon_deflated, layout_cave_pools, special_room
          [special_room_bee], serial_shops, shop,
          chequers_serial_rivers_micro_d, uniq_jorgrun
D:15:     hangedman_slaughterboxes
Lair:1:   beast_lair_carwin_large_2, layout_cave_pods
Lair:2:   layout_cave_pods, nicolae_quartered_pool_little, serial_bayou_shore_a
Lair:3:   layout_loops_ring, elwin_shoals_entry_rooms, lemuel_fruit_tree
Lair:4:   layout_big_grid, nicolae_swamp_entry_splash_gauntlet,
          portal_ice_cave_rime, nicolae_lair_yak_garden, serial_bayou_shore_b,
          minmay_lair_oklob_chamber
Lair:5:   layout_cave_pods, lemuel_fruit_fields, infiniplex_staircase_pool

Skill      XL: |  1  2  3  4  5  6  7  8  9 10 11 12 13 14 |
---------------+-------------------------------------------+-----
Fire Magic     | 4 5 6 7 8 9 12 | 12.0
Conjurations   | 2 3 4 6 7 8 |  8.0
Spellcasting   | 3 4 6 7 8 9 11 12 | 12.0
Fighting       | 1 4 6 8 |  8.0
Short Blades   | 1 4 |  4.0
Dodging        | 2 6 8 |  8.0
Polearms       | 2 6 8 |  8.0
Evocations     | 4 |  4.0
Earth Magic    | 2 8 |  8.0
Stealth        | |  1.7
Invocations    | |  0.2

Action                   |  1- 3 |  4- 6 |  7- 9 | 10-12 | 13-15 || total
-------------------------+-------+-------+-------+-------+-------++-------
Melee: Dagger            |   117 |   155 |   678 |    17 |       ||   967
       Short sword       |     5 |       |       |       |       ||     5
       Tailslap          |    17 |    19 |   119 |    88 |    35 ||   278
       Lance             |       |       |       |   543 |   226 ||   769
 Cast: Foxfire           |    29 |    69 |    73 |    51 |    21 ||   243
       Sticky Flame      |       |     4 |    53 |   112 |    82 ||   251
       Fireball          |       |       |     2 |    22 |    13 ||    37
       Bolt of Magma     |       |       |       |     5 |    18 ||    23
Evoke: Wand              |       |       |       |    16 |    15 ||    31
       Phantom mirror    |       |       |       |       |     1 ||     1
  Use: Potion            |       |     6 |       |       |     6 ||    12
       Scroll            |       |       |       |    18 |     1 ||    19
 Stab: Sleeping          |     1 |     1 |     5 |     9 |     3 ||    19
Armor: Skin              |    30 |    31 |   187 |   162 |   115 ||   525
Dodge: Dodged            |    55 |    71 |   373 |   511 |   255 ||  1265

Table legend: (Time is in decaauts)
 A = Elapsed time spent in this place.
 B = Non-inter-level travel time spent in this place.
 C = Inter-level travel time spent in this place.
 D = Time resting spent in this place.
 E = Time spent auto-exploring this place.
 F = Levels seen in this place.
 G = Mean time per level.
                   A        B        C        D        E       F      G
               +--------+--------+--------+--------+--------+-----+--------+
         Total |  27598 |  26917 |    681 |   5588 |  16887 |  20 | 1379.9 |
       Dungeon |  19121 |  18692 |    429 |   2846 |  12680 |  14 | 1365.8 |
          Lair |   7716 |   7465 |    251 |   2507 |   3964 |   5 | 1543.2 |
       Ossuary |    760 |    760 |      0 |    235 |    243 |   1 |  760.0 |
               +--------+--------+--------+--------+--------+-----+--------+

Top non-repeatable levels by time:
    D:15: 2649 daAuts
  Lair:3: 2633 daAuts
     D:9: 2166 daAuts
  Lair:4: 2073 daAuts
     D:4: 1616 daAuts
     D:7: 1614 daAuts
    D:11: 1578 daAuts
     D:6: 1489 daAuts
  Lair:2: 1400 daAuts
     D:8: 1392 daAuts
  Lair:1: 1326 daAuts
     D:5: 1248 daAuts
    D:10: 1246 daAuts
     D:1: 1102 daAuts
     D:2: 1023 daAuts
